 Dungeon Crawl Stone Soup version 0.30.1-4-g462c640d31 (webtiles) character file.

Game seed: 15074737029012376599

440 hypnoticbox30 the Covered (level 6, -1/53 HPs)
             Began as a Minotaur Fighter on Sept 3, 2023.
             Was a Follower of Okawaru.
             Slain by an orc wizard
             ... wielding a +0 dagger
              (3 damage)
             ... on level 5 of the Dungeon.
             The game lasted 00:19:44 (2334 turns).

hypnoticbox30 the Covered (Minotaur Fighter)        Turns: 2334, Time: 00:19:45

Health: -1/53      AC:  7    Str: 23    XL:     6   Next: 70%
Magic:  5/5        EV: 10    Int:  5    God:    Okawaru [*.....]
Gold:   114        SH:  4    Dex:  9    Spells: 5/5 levels left

rFire   . . .        a - +0 trident
rCold   . . .        c - +0 buckler
rNeg    . . .        b - +0 scale mail
rPois   .            (helmet restricted)
rElec   .            (no cloak)
rCorr   .            (no gloves)
SInv    .            (no boots)
Will    .....        (no amulet) Stlth
                     (no ring)
HPRegen 0.28/turn    (no ring)
MPRegen 0.09/turn

%: no passive effects
@: no status effects
A: horns 2, retaliatory headbutt
a: Renounce Religion, Heroism


You were on level 5 of the Dungeon.
You worshipped Okawaru.
Okawaru was aware of your devotion.
You visited 2 branches of the dungeon, and saw 6 of its levels.

You collected 114 gold pieces.

Inventory:

Hand Weapons
 a - a +0 trident (weapon)
 f - a +0 dagger
 k - a +0 flail
Armour
 b - a +0 scale mail (worn)
 c - a +0 buckler (worn)
 e - a +0 ring mail
 g - a +0 plate armour
 h - a +0 leather armour
Wands
 l - a wand of roots (4)
Scrolls
 i - 3 scrolls of immolation {unknown}
 j - 2 scrolls of identify {unknown}
 o - a scroll of poison {unknown}
 p - a scroll of vulnerability {unknown}
Potions
 d - a potion of might
 m - a potion of heal wounds {unknown}
 n - 2 potions of degeneration {unknown}


   Skills:
 + Level 4.4 Fighting
 + Level 5.1 Polearms
 + Level 6.1 Armour
 + Level 1.6 Dodging
 + Level 5.1 Shields


You had 5 spell levels left.
You didn't know any spells.
Your spell library contained the following spells:

 Spells                   Type           Power      Damage    Failure   Level
 Portal Projectile        Hex/Tloc       0%         N/A       99%         3
 Blade Hands              Tmut           0%         N/A       100%        5
 Tukima's Dance           Hex            Unusable   N/A       N/A         3

Dungeon Overview and Level Annotations

Branches:
Dungeon (5/15)             Temple (1/1) D:4

Altars:
Cheibriados
Dithmenos
Elyvilon
Fedhas
Gozag
Makhleb
Nemelex Xobeh
Okawaru
Ru
Vehumet
Wu Jian
Zin
Jiyva

Shops:
D:2 (((   D:3 (


Innate Abilities, Weirdness & Mutations

You have a pair of horns on your head.
You reflexively headbutt those who attack you in melee.


Message History

The orc hits you but does no damage. Something hits you but does no damage.
You puncture the orc!
You kill the orc!
Okawaru accepts your kill. Something hits you.
You hear some strange, mumbled words.
You are confused.
Things that are here:
a +0 dagger; a +0 leather armour You hear the slow rusting of a drain nearby.
A magic dart appears from out of thin air!
The magic dart hits you but does no damage.
Something tries to affect you, but you resist.
A magic dart appears from out of thin air!
The magic dart hits you.
You feel less confused.
A puff of flame appears from out of thin air!
The puff of flame misses you.
You closely miss something. Something hits you.
You hear some strange, mumbled words.
A magic dart appears from out of thin air!
The magic dart hits you!
* * * LOW HITPOINT WARNING * * *
You hear some strange, mumbled words.
You are confused.
You're too confused to move!
You hear some strange, mumbled words.
A magic dart appears from out of thin air!
The magic dart hits you.
* * * LOW HITPOINT WARNING * * *
Something hits you.
* * * LOW HITPOINT WARNING * * *
You're too confused to move!
You feel less confused. Something hits you but does no damage.
Something hits you but does no damage. You block something's attack.
You see here 20 gold pieces.
Something hits you.
You die...

#.#.....#
##.......#
######........#
.............#
#.#.........#
#....)......#
###..)).....#
#.........#
#@........#
#######.......###
:.............#
##.........####
#.........#
#.........#
#.........#
####.........#
.............+


There were no monsters in sight!

Vanquished Creatures
  A scorpion (D:4)
  A howler monkey (D:4)
  A jelly (D:4)
  A gnoll bouda (D:4)
  An orc priest (D:5)
  Robin (D:2)
  13 gnolls
  3 adders
  An ufetubus (D:4)
  2 worms
  2 dart slugs (D:4)
  4 orcs
  7 ball pythons
  7 endoplasms
  A giant cockroach (D:2)
  12 goblins
  5 hobgoblins
  2 jackals (D:4)
  6 quokkas
  5 bats
  3 frilled lizards (D:1)
  2 kobolds
  4 rats (D:1)
85 creatures vanquished.

Notes
Turn   | Place    | Note
-------+----------+-------------------------------------------
     0 | D:1      | hypnoticbox30 the Minotaur Fighter began the quest for the
                  | Orb.
     0 | D:1      | Reached XP level 1. HP: 19/19 MP: 0/0
   178 | D:1      | Reached XP level 2. HP: 27/27 MP: 1/1
   207 | D:1      | Reached skill level 4 in Armour
   477 | D:2      | Found Ixerus's Antique Weapon Boutique.
   484 | D:2      | Reached XP level 3. HP: 33/33 MP: 2/2
   526 | D:2      | Found Gudumet's Antique Weapon Shop.
   554 | D:2      | Reached XP level 4. HP: 24/40 MP: 3/3
   620 | D:2      | Found Uram's Weapon Boutique.
   629 | D:2      | Noticed Robin
   694 | D:2      | Killed Robin
   698 | D:2      | HP: 1/40 [goblin/+0 club[Robin] (3)]
   777 | D:3      | Found Sytasut's Weapon Emporium.
  1044 | D:3      | Found a shadowy altar of Dithmenos.
  1044 | D:3      | Found a sparkling altar of Nemelex Xobeh.
  1157 | D:3      | Reached XP level 5. HP: 46/46 MP: 4/4
  1163 | D:3      | Reached skill level 5 in Armour
  1640 | D:4      | Found a staircase to the Ecumenical Temple.
  1655 | Temple   | Entered the Ecumenical Temple
  1797 | Temple   | Became a worshipper of Warmaster Okawaru
  1868 | D:4      | Reached skill level 1 in Dodging
  1968 | D:4      | Reached XP level 6. HP: 39/52 MP: 5/5
  2140 | D:4      | Reached skill level 5 in Shields
  2188 | D:4      | Found a snail-covered altar of Cheibriados.
  2205 | D:4      | Reached skill level 5 in Polearms
  2227 | D:4      | Noticed an ice beast
  2267 | D:5      | Entered Level 5 of the Dungeon
  2310 | D:5      | Reached * piety under Okawaru
  2311 | D:5      | Reached skill level 6 in Armour
  2329 | D:5      | HP: 1/53 [something (3)]
  2334 | D:5      | Slain by an orc wizard

Illustrated notes

Levels and vault maps discovered:
D:1:      dpeg_arrival_arbitrary_c, layout_basic
D:2:      layout_rooms, serial_shops, shop, shop, shop, shop, uniq_robin
D:3:      layout_loops_ring, nicolae_overflow_two_pavilions, serial_shops, shop,
          minmay_misc_feat_rugged, uniq_crazy_yiuf_cottage
D:4:      layout_basic, cheibriados_altar_1, minmay_temple_entry_mist
D:5:      layout_basic, nicolae_overflow_hidden_temple, old_standard_altar,
          jmf_multi_god_temple2, gup_sewer_entry_glass, uniq_duvessa
Temple:   pf_slimified_temple

Skill      XL: |  1  2  3  4  5  6 |
---------------+-------------------+-----
Armour         | 4 5 6 |  6.1
Shields        | 4 5 |  5.1
Fighting       | 4 |  4.4
Polearms       | 3 4 5 |  5.1
Dodging        | 1 |  1.6

Action                     |  1- 3 |  4- 6 || total
---------------------------+-------+-------++-------
  Melee: Trident           |    68 |   126 ||   194
         Headbutt          |     4 |    34 ||    38
         Unarmed           |       |    11 ||    11
    Use: Potion            |     2 |     2 ||     4
 Armour: Scale mail        |    33 |    95 ||   128
  Dodge: Dodged            |    43 |    81 ||   124
  Block: Buckler           |    19 |    56 ||    75
